 Dungeon Crawl Stone Soup version 0.24-a0-333-g864f2b5 (webtiles) character file.

Game seed: 3881790023144412053

61 Borgoz the Cudgeler (level 3, 0/31 HPs)
             Began as a Minotaur Gladiator on May 17, 2019.
             Succumbed to a worker ant's poison
             ... on level 2 of the Dungeon.
             The game lasted 00:01:33 (1052 turns).

Borgoz the Cudgeler (Minotaur Gladiator)            Turns: 1052, Time: 00:01:34

Health: 0/31       AC:  3    Str: 18    XL:     3   Next: 83%
Magic:  2/2        EV: 19    Int:  5    God:
Gold:   49         SH:  0    Dex: 17    Spells: 2/2 levels left

rFire    + . .     SeeInvis .   a - +0 flail
rCold    . . .     Gourm    .   (no shield)
rNeg     . . .     Faith    .   b - +0 leather armour
rPois    .         Spirit   .   c - +0 hat
rElec    .         Reflect  .   (no cloak)
rCorr    .         Harm     .   (no gloves)
MR       .....                  (no boots)
Stlth    ++........             (no amulet)
HPRegen  0.10/turn              g - ring of protection from fire
MPRegen  0.08/turn              (no ring)

@: agile, lethally poisoned (0 -> -3)
A: retaliatory headbutt, horns 2
a: no special abilities


You were on level 2 of the Dungeon.
You were not hungry.

You visited 1 branch of the dungeon, and saw 2 of its levels.

You collected 49 gold pieces.

Inventory:

Hand Weapons
 a - a +0 flail (weapon)
Missiles
 d - 3 throwing nets (quivered)
Armour
 b - a +0 leather armour (worn)
 c - a +0 hat (worn)
Jewellery
 g - a ring of protection from fire (left hand)
Scrolls
 e - a scroll of remove curse {unknown}
 j - a scroll of magic mapping {unknown}
Potions
 h - a potion of agility
Comestibles
 f - a ration


   Skills:
 + Level 3.3 Fighting
 + Level 4.2 Maces & Flails
 - Level 2.0 Throwing
 + Level 2.0 Armour
 + Level 3.8 Dodging


You had 2 spell levels left.
You didn't know any spells.
Your spell library was empty.

Dungeon Overview and Level Annotations

Branches:
Dungeon (2/15)

Altars:


Innate Abilities, Weirdness & Mutations

You reflexively headbutt those who attack you in melee.
You have a pair of horns on your head.


Message History

You feel sick.
* * * LOW HITPOINT WARNING * * *
You feel sick.
You see here 2 black potions.
h - 2 black potions
* * * LOW HITPOINT WARNING * * *
You feel sick.
Okay, then.
It was a potion of agility.
You feel agile all of a sudden.
* * * LOW HITPOINT WARNING * * *
You feel sick.
* * * LOW HITPOINT WARNING * * *
You feel sick.
* * * LOW HITPOINT WARNING * * *
You feel sick.
You see here a scroll labeled POZXAY TAUD.
You see here a throwing net.
d - 3 throwing nets (gained 1)
You die...

###### #.....
#...#.
############...#.
##.........##...#.
#..........##...+.
#..........##...##
#@...†.)..........
#.?.........######
#...........#
#...#######.#
+...+ #.# #...####
#.# #......# #.#
#......# ...
##.....#


There were no monsters in sight!

Vanquished Creatures
  A worker ant (D:2)
  A dart slug (D:1)
  A leopard gecko (D:1)
  2 giant cockroaches (D:1)
  9 goblins (D:1)
  6 hobgoblins
  2 jackals (D:1)
  3 bats
  A frilled lizard (D:1)
  3 kobolds (D:1)
  4 rats
33 creatures vanquished.

Notes
Turn   | Place    | Note
-------+----------+-------------------------------------------
     0 | D:1      | Borgoz the Minotaur Gladiator began the quest for the Orb.
     0 | D:1      | Reached XP level 1. HP: 18/18 MP: 0/0
   126 | D:1      | Reached XP level 2. HP: 17/25 MP: 1/1
   129 | D:1      | Reached skill level 1 in Armour
   610 | D:1      | Reached skill level 4 in Maces & Flails
   712 | D:1      | Reached XP level 3. HP: 27/31 MP: 2/2
  1049 | D:2      | HP: 1/31 [poisoned by a worker ant]
  1052 | D:2      | Succumbed to a worker ant's poison

Levels and vault maps discovered:
D:1:      dpeg_arrival_tiny_d, layout_loops_corners
D:2:      layout_basic

Skill      XL: |  1  2  3 |
---------------+----------+-----
Armour         | 1 2 |  2.0
Maces & Flails | 4 |  4.2
Fighting       | 3 |  3.3
Throwing       | |  2.0
Dodging        | |  3.8

Action                   || total
-------------------------++-------
Melee: Flail             ||    66
       Headbutt          ||     8
Throw: Throwing net      ||     1
  Use: Potion            ||     2
 Stab: Sleeping          ||     1
Armor: Leather armour    ||    11
Dodge: Dodged            ||    41

Table legend:
 A = Non-vault XP
 B = Vault XP
 C = Vault XP percentage of total XP
 D = Non-vault monster count
 E = Vault monster count
 F = Vault count percentage of total count
                 A         B        C        D         E       F
            +---------+---------+-------+---------+---------+-------
      Total |      88 |       0 |   0.0 |      33 |       0 |   0.0
            +---------+---------+-------+---------+---------+-------
        D:1 |      51 |       0 |   0.0 |      29 |       0 |   0.0
        D:2 |      37 |       0 |   0.0 |       4 |       0 |   0.0
            +---------+---------+-------+---------+---------+-------
